 Dungeon Crawl Stone Soup version 0.18-a0-844-g9229740 (webtiles) character file.

77 JokEr the Insei (level 4, -2/30 HPs)
             Began as an Octopode Transmuter on Dec 18, 2015.
             Slain by a gnoll
             ... wielding a cursed -3 spear
              (8 damage)
             ... on level 2 of the Dungeon.
             The game lasted 00:02:17 (1481 turns).

JokEr the Insei (Octopode Transmuter)               Turns: 1481, Time: 00:02:18

Health: -2/30      AC:  1    Str:  9    XL:     4   Next: 33%
Magic:  7/7        EV: 12    Int: 16    God:
Gold:   52         SH:  0    Dex: 12    Spells: 1 memorised, 6 levels left

rFire  . . .     SeeInvis .       - Unarmed
rCold  . . .     Gourm    .     (no shield)
rNeg   . . .     Faith    .     (helmet restricted)
rPois  .         Spirit   .     (no amulet)
rElec  .         Dismiss  .     (no ring)
rCorr  .         Reflect  .     (no ring)
SustAt .         Harm     .     (no ring)
MR     .....                    (no ring)
Stlth  ++........               (no ring)
                                (no ring)
                                (no ring)
                                (no ring)

@: appendage (expiring), not resistant to hostile enchantments, unstealthy
A: almost no armour, amphibious, 8 rings, constrict 8, tentacle spike 3,
camouflage 1, gelatinous body 1
a: End Transformation


You were on level 2 of the Dungeon.
You were not hungry.
One of your tentacles had a temporary spike.
You visited 1 branch of the dungeon, and saw 2 of its levels.

You collected 52 gold pieces.

Inventory:

Missiles
 a - 12 arrows
Jewellery
 i - an uncursed ring of see invisible {unknown}
Scrolls
 f - a scroll of identify
 j - a scroll of teleportation {unknown}
Potions
 e - a potion of curing
 h - a potion of heal wounds {unknown}
Books
 b - a book of Changes

   Spells                             Type                      Level
   a - Beastly Appendage              Transmutation                1
   b - Sticks to Snakes               Transmutation                2
   c - Spider Form                    Transmutation/Poison         3
   d - Ice Form                       Ice/Transmutation            4
   e - Blade Hands                    Transmutation                5
Comestibles
 c - a bread ration
 d - a royal jelly
 k - a meat ration


   Skills:
 + Level 2.3 Fighting
 - Level 2.0 Dodging
 + Level 3.7 Unarmed Combat
 - Level 2.0 Spellcasting
 + Level 3.0 Transmutations


You had 6 spell levels left.
You knew the following spells:

 Your Spells              Type           Power        Failure   Level  Hunger
a - Beastly Appendage     Trmt           ##....       8%          1    #......


Dungeon Overview and Level Annotations

Branches:
Dungeon (2/15)

Altars:


Innate Abilities, Weirdness & Mutations

You cannot wear most types of armour.
You are amphibious.
You can wear up to eight rings at the same time.
You can use your tentacles to constrict eight enemies at once.
Your skin changes colour to match your surroundings (Stealth).
Your rubbery body absorbs attacks (AC +1).
One of your tentacles bears a large vicious spike.


Message History

You kill the goblin!
The gnoll hits you from afar with a spear.
The gnoll moves out of view.
You tentacle-slap the quokka. Your grab misses the quokka.
The quokka is severely wounded.
The quokka closely misses you.
The gnoll hits you from afar with a spear.
The gnoll hits you from afar with a spear!
You tentacle-slap the quokka. You grab the quokka.
The quokka is severely wounded.
Your transformation is almost over.
You constrict the quokka. The quokka closely misses you.
The gnoll hits you from afar with a spear.
The gnoll hits you but does no damage.
You tentacle-slap the quokka.
You kill the quokka!
The gnoll hits you from afar with a spear!
* * * LOW HITPOINT WARNING * * *
The gnoll hits you from afar with a spear!
You die...

#..............# #.#.#..#.#
#..............# #.#
#..............# #.###
.................+ #...#
###..............############.##
#.............รท##............#
#..............##.############
#..................########
#.............@...........#
......#########)#########.#
......


gg.. #.# ..... .g?.... #.# .. ...........##.# ............##.# (............##.#
..............##.# ........##.# You could see a gnoll.

Vanquished Creatures
  Ijyb (D:2)
  2 adders
  An ooze (D:1)
  4 ball pythons
  A giant cockroach (D:1)
  4 goblins
  5 hobgoblins (D:1)
  A kobold (D:1)
  A quokka (D:2)
  2 bats (D:1)
  3 giant newts
  4 rats (D:1)
29 creatures vanquished.

Notes
Turn   | Place    | Note
--------------------------------------------------------------
     0 | D:1      | JokEr the Octopode Transmuter began the quest for the Orb.
     0 | D:1      | Reached XP level 1. HP: 13/13 MP: 3/3
    50 | D:1      | Reached XP level 2. HP: 18/18 MP: 3/5
   567 | D:1      | Reached XP level 3. HP: 18/24 MP: 4/6
  1193 | D:2      | Noticed Ijyb
  1204 | D:2      | Killed Ijyb
  1204 | D:2      | Reached XP level 4. HP: 9/30 MP: 0/7
  1481 | D:2      | Slain by a gnoll

Vault maps used:
D:1:      lightli_arrival_maybe_door_vault, serial_forest,
          infiniplex_forest_zigzag_1, infiniplex_forest_zigzag_1,
          infiniplex_forest_lined_4_way, infiniplex_forest_zigzag_1,
          infiniplex_forest_lined_room_, infiniplex_forest_clump_double,
          infiniplex_forest_corner_1, infiniplex_forest_clump_small
D:2:      uniq_sigmund, uniq_iyjb, uniq_terence

Action                   |  1- 3 |  4- 6 || total
-------------------------+-------+-------++-------
Melee: Unarmed           |    61 |    10 ||    71
 Cast: Beastly Appendage |    17 |     2 ||    19
  Use: Scroll            |     1 |       ||     1
 Stab: Sleeping          |     4 |       ||     4
  Eat: Chunk             |     1 |     1 ||     2
